AoeStats
← riskybusiness69

Arabia

510211795Analyzed
1v1 RM · 3d ago on Sep 30, 2026· 32m 33s· 2 players
Game mode
Random Map
Map size
Tiny (2 player)
Population
200
Speed
Normal
Resources
Standard
Victory
Conquest
Starting age
Dark Age
Ending age
Imperial Age
RankedLock teamsTeams togetherTeam positionsShared explorationLock speedFull tech treeHidden civsTurbo modeCheats
Victory
Defeat
🇨🇴 Teutons · Colombia
672
+14
🇺🇸 Bengalis · United States
628
-30
riskybusiness69
10:13 Feudal Age
10:38 Double-Bit Axe
13:43 Horse Collar
15:55 Scale Mail Armor
18:19 Wheelbarrow
19:20 Forging
25:16 Scale Barding Armor
28:38 Castle Age
27:38 Padded Archer Armor
30:57 Heavy Plow
31:22 Bow Saw
SirLex
13:41 Feudal Age
14:12 Horse Collar
16:00 Wheelbarrow
15:23 Man-at-Arms
16:47 Scale Mail Armor
25:01 Castle Age
23:58 Padded Archer Armor
24:48 Gold Mining
25:49 Heavy Plow
25:38 Double-Bit Axe
28:06 Leather Archer Armor
27:42 Fletching
28:08 Chain Mail Armor
30:13 Bodkin Arrow
Connection lost

Rejoining the realm…

Still unreachable

The connection could not be restored.

Session expired

The server has moved on; the page needs a fresh start.